 Dungeon Crawl Stone Soup version 0.29.1-15-g9cfb28693d (webtiles) character file.

Game seed: 7033292526751867159

387 Jase the Chopper (level 6, -2/56 HPs)
             Began as a Hill Orc Fighter on Apr 24, 2023.
             Was a Believer of Makhleb.
             Slain by a water moccasin (7 damage)
             ... on level 5 of the Dungeon.
             The game lasted 00:07:30 (2871 turns).

Jase the Chopper (Hill Orc Fighter)                 Turns: 2871, Time: 00:07:31

Health: -2/56      AC: 10    Str: 21    XL:     6   Next: 78%
Magic:  8/8        EV:  7    Int:  8    God:    Makhleb [**....]
Gold:   42         SH:  0    Dex: 10    Spells: 5/5 levels left

rFire   . . .      SeeInvis .   a - +0 war axe
rCold   . . .      Faith    .   (no shield)
rNeg    . . .      Spirit   .   e - +0 chain mail
rPois   .          Reflect  .   n - +0 helmet
rElec   .          Harm     .   (no cloak)
rCorr   .          Rampage  .   (no gloves)
Will    .....                   (no boots)
Stlth   ..........              (no amulet)
HPRegen 0.18/turn               (no ring)
MPRegen 0.11/turn               (no ring)

@: mighty
A: no striking features
a: Renounce Religion, Minor Destruction


You were on level 5 of the Dungeon.
You worshipped Makhleb.
Makhleb was pleased with you.
You visited 1 branch of the dungeon, and saw 4 of its levels.

You collected 172 gold pieces.
You spent 130 gold pieces at shops.

Inventory:

Hand Weapons
 a - a +0 war axe (weapon)
Missiles
 c - 16 stones (quivered)
Armour
 e - a +0 chain mail (worn)
 n - a +0 helmet (worn)
Jewellery
 m - an amulet of the acrobat
Scrolls
 b - a scroll of blinking {unknown}
 f - a scroll of magic mapping {unknown}
 g - a scroll of teleportation {unknown}
 h - 2 scrolls of identify {unknown}
 i - a scroll of amnesia {unknown}
 k - a scroll of fog {unknown}
Potions
 j - a potion of flight {unknown}


   Skills:
 + Level 5.1 Fighting
 * Level 6.2 Axes
 + Level 4.6 Armour
 - Level 3.2 Shields
 + Level 3.4 Invocations


You had 5 spell levels left.
You didn't know any spells.
Your spell library was empty.

Dungeon Overview and Level Annotations

Branches:
Dungeon (5/15)
 Temple: D:4-7

Altars:
Makhleb

Shops:
D:2 *


Message History

The orc hits you but does no damage. x2
The water moccasin bites you but does no damage.
You hit the water moccasin.
The water moccasin is almost dead.
You hit the orc. You barely miss the orc. The water moccasin bites you.
* * * LOW HITPOINT WARNING * * *
The orc barely misses you. The orc closely misses you.
The water moccasin bites you.
* * * LOW HITPOINT WARNING * * *
You are lethally poisoned!
The water moccasin poisons you! The orc hits you but does no damage.
The orc barely misses you.
You feel better. The water moccasin bites you.
* * * LOW HITPOINT WARNING * * *
The orc hits you with a +0 club.
* * * LOW HITPOINT WARNING * * *
The orc barely misses you.
You barely miss the water moccasin.
The water moccasin is almost dead.
You slash the orc!
You kill the orc!
Makhleb accepts your kill.
You slash the orc!
You kill the orc!
Makhleb accepts your kill.
You feel better.
The water moccasin bites you but does no damage. x2
You closely miss the water moccasin.
The water moccasin is almost dead.
The water moccasin bites you.
* * * LOW HITPOINT WARNING * * *
The water moccasin bites you but does no damage.
You closely miss the water moccasin.
The water moccasin is severely wounded.
The water moccasin bites you.
* * * LOW HITPOINT WARNING * * *
You miss the water moccasin. You punch the water moccasin.
The water moccasin is almost dead.
The water moccasin barely misses you. The water moccasin bites you!
You die...

#........##.........
#...>....##.......#
#.................#
#.......#.........#
#......(.......#
#........####..###
.##........#
##.).###
......))...#
#.....## ...#.S@...#
##.##..#
......##)....#
#.###.## ......
#......# #.# #..#
..... #..........#
##.. ...
.......###.####.. .#
#....>.# #......#
.......# ###...##
....... #.....
#.#...


You could see a water moccasin.

Vanquished Creatures
  An ogre (D:5)
  A centaur (D:5)
  A hound (D:5)
  2 orc priests
  An orc wizard (D:2)
  4 adders
  3 dart slugs
  10 orcs
  8 ball pythons
  8 endoplasms
  A goblin (D:1)
  6 hobgoblins
  6 jackals
  3 quokkas
  5 frilled lizards
  6 kobolds
  4 rats (D:1)
70 creatures vanquished.

Vanquished Creatures (others)
  4 fungi (D:1)
  5 plants (D:1)
  3 toadstools (D:1)
12 creatures vanquished.

Grand Total: 82 creatures vanquished

Notes
Turn   | Place    | Note
-------+----------+-------------------------------------------
     0 | D:1      | Jase the Hill Orc Fighter began the quest for the Orb.
     0 | D:1      | Reached XP level 1. HP: 19/19 MP: 1/1
   263 | D:1      | Found a faded altar of an unknown god.
   269 | D:1      | Prayed at the altar of an unknown god.
   269 | D:1      | Became a worshipper of Makhleb the Destroyer
   269 | D:1      | Reached * piety under Makhleb
   306 | D:1      | Reached skill level 3 in Axes
   362 | D:1      | Reached XP level 2. HP: 27/27 MP: 2/2
   522 | D:1      | Reached skill level 1 in Invocations
   531 | D:1      | Reached XP level 3. HP: 22/33 MP: 3/3
   993 | D:1      | Reached ** piety under Makhleb
  1508 | D:2      | Reached skill level 4 in Axes
  1702 | D:2      | Found Xeghacwio's Assorted Antiques.
  1711 | D:2      | Reached XP level 4. HP: 40/40 MP: 5/5
  1843 | D:2      | Reached XP level 5. HP: 5/47 MP: 6/6
  2197 | D:2      | Bought a thin copper amulet for 130 gold pieces
  2699 | D:3      | Reached skill level 5 in Axes
  2771 | D:3      | You fall into a shaft and drop 2 floors!
  2771 | D:5      | Entered Level 5 of the Dungeon
  2834 | D:5      | Noticed an ogre
  2845 | D:5      | Killed an ogre
  2846 | D:5      | Reached XP level 6. HP: 43/55 MP: 6/8
  2857 | D:5      | Noticed a water moccasin
  2860 | D:5      | Reached skill level 5 in Fighting
  2864 | D:5      | Reached skill level 6 in Axes
  2866 | D:5      | HP: 2/56 [water moccasin (5)]
  2871 | D:5      | Slain by a water moccasin

Illustrated notes

Levels and vault maps discovered:
D:1:      scummos_arrival_simple_crosswalls, layout_loops_ring,
          ebering_ecumenical_altar_hall, minmay_gold_behind_fungi,
          serial_bayou_pond_b, minmay_liquid_box, grunt_decor_one_mirror,
          chequers_big_river, kennysheep_doodads,
          chequers_serial_rivers_small_3, chequers_serial_rivers_room_b
D:2:      cheibrodos_pilgrimage, layout_rooms, serial_shops, nicolae_shop_trees,
          hangedman_decor_points
D:3:      layout_loops_ring
D:5:      layout_rooms, minmay_temple_entry_hall, serial_shops, shop,
          uniq_sigmund

Skill      XL: |  1  2  3  4  5  6 |
---------------+-------------------+-----
Axes           | 3 4 5 6 |  6.2
Invocations    | 1 2 3 |  3.4
Fighting       | 4 5 |  5.1
Armour         | 4 |  4.6
Shields        | |  3.2

Action                   |  1- 3 |  4- 6 || total
-------------------------+-------+-------++-------
Melee: War axe           |    98 |    74 ||   172
       Punch             |     3 |     3 ||     6
  Use: Potion            |       |     4 ||     4
Armor: Scale mail        |    44 |    25 ||    69
       Chain mail        |       |    36 ||    36
Dodge: Dodged            |    39 |    36 ||    75
